 Dungeon Crawl Stone Soup version 0.21.1-1-g345015f (webtiles) character file.

460 wojtek the Purveyor of Pain (level 7, -1/36 HPs)
             Began as a Kobold Necromancer on Mar 23, 2018.
             Was an Initiate of Kikubaaqudgha.
             Killed by nerve-wracking pain
             ... invoked by an orc priest
              (6 damage)
             ... on level 4 of the Dungeon.
             The game lasted 00:10:11 (6479 turns).

wojtek the Purveyor of Pain (Kobold Necromancer)    Turns: 6479, Time: 00:10:13

Health: -1/36      AC:  2    Str:  5    XL:     7   Next: 28%
Magic:  1/10       EV: 15    Int: 18    God:    Kikubaaqudgha [......]
Gold:   195        SH:  0    Dex: 16    Spells: 5/10 levels left

rFire    . . .     SeeInvis .   u - +0 dagger (pain)
rCold    . . .     Gourm    .   (shield restricted)
rNeg     . . .     Faith    .   a - +0 robe
rPois    .         Spirit   .   (no helmet)
rElec    .         Reflect  .   (no cloak)
rCorr    .         Harm     .   (no gloves)
MR       .....                  (no boots)
Stlth    +.........             (no amulet)
HPRegen  0.12/turn              s - ring of loudness (curse)
MPRegen  0.12/turn              (no ring)

@: no status effects
A: small, carnivore
a: Renounce Religion


You were on level 4 of the Dungeon.
You worshipped Kikubaaqudgha.
Kikubaaqudgha was noncommittal.
You were full.

You visited 2 branches of the dungeon, and saw 6 of its levels.

You collected 195 gold pieces.

Inventory:

Hand Weapons
 i - a +0 dagger
 u - a +0 dagger of pain (weapon)
Armour
 a - a +0 robe (worn)
Magical Staves
 p - an uncursed staff of poison
Jewellery
 m - an uncursed ring of protection from fire {unknown}
 s - a cursed ring of loudness (left hand)
Scrolls
 d - 2 scrolls of teleportation
 e - 2 scrolls of identify {unknown}
 f - 2 scrolls of magic mapping
 h - a scroll of enchant armour {unknown}
 n - a scroll of fog {unknown}
 o - a scroll of fear {unknown}
 q - a scroll of random uselessness {unknown}
 t - a scroll of amnesia {unknown}
Potions
 g - 3 potions of curing {unknown}
 j - a potion of degeneration {unknown}
 k - 2 potions of might
 l - a potion of cancellation {unknown}
 r - a potion of haste {unknown}
Books
 b - a book of Necromancy

   Spells                             Type                      Level
   a - Pain                           Necromancy                   1
   b - Animate Skeleton               Necromancy                   1
   c - Vampiric Draining              Necromancy                   3
   d - Regeneration                   Charms/Necromancy            3
   e - Animate Dead                   Necromancy                   4
   f - Borgnjor's Vile Clutch         Necromancy/Earth             5
Comestibles
 c - 9 rations


   Skills:
 - Level 2.4 Dodging
 - Level 2.6 Stealth
 - Level 2.1 Spellcasting
 + Level 8.2 Necromancy


You had 5 spell levels left.
You knew the following spells:

 Your Spells              Type           Power        Failure   Level  Hunger
a - Pain                  Necr           ####         1%          1    #......
d - Animate Dead          Necr           N/A          6%          4    #####..


Dungeon Overview and Level Annotations

Branches:
Dungeon (5/15)             Temple (1/1) D:5

Altars:
Ashenzari
Cheibriados
Gozag
Hepliaklqana
Kikubaaqudgha
Makhleb
Okawaru
Qazlal
Ru
Sif Muna
Vehumet
Zin
The Shining One

Annotations:
D:2 Terence
D:5 Shinoi's ghost, novice CeHu


Innate Abilities, Weirdness & Mutations

You are small and have problems with some larger weapons.
You are carnivorous and can eat meat at any time.


Message History

A searing pain shoots up your arm!
u - a +0 dagger of pain (weapon)
The orc priest hits you.
* * * LOW HITPOINT WARNING * * *
Your orc wizard zombie closely misses the orc priest.
You closely miss the orc priest.
The orc priest is severely wounded.
The orc priest misses you.
You closely miss the orc priest.
The orc priest is severely wounded.
Your orc wizard zombie hits the orc priest with a dagger.
The orc priest closely misses you.
You hit the orc priest but do no damage.
The orc priest writhes in agony.
The orc priest is almost dead.
Your orc wizard zombie hits the orc priest but does no damage.
The orc priest calls down the wrath of Beogh upon you.
Pain shoots through your body!
You die...
Kikubaaqudgha rasps: "You have failed me!
Welcome... death!"

≈≈.≈≈.....## ###....# #.
#...........# #....### #.
###########.# ##.#.## ##.
#(# #..#.# ####..
#.###.##.#### #....#
###...#.#.....# #.####
#...#...#.....# ##.# #
#.>[##Z.#.....###..# #
#....o@...........## #
#.....###.....##### ###
#...### #.[..).## ###..
#..#.# #.......###...#
#..##..####.#####.....###
#.# ##......# ####.....
#. #####..# #.##.% . #..#
#..... #..# #.)#..


You could see an orc priest and a friendly orc wizard zombie.

Vanquished Creatures
  A scorpion (D:4)
  An orc priest (D:4)
  2 hounds
  3 iguanas
  3 orc wizards (D:4)
  2 worker ants (D:3)
  3 adders
  An ooze (D:3)
  A worm (D:3)
  4 dart slugs
  3 leopard geckos
  7 orcs
  7 bats
  7 giant cockroaches
  6 goblins
  8 hobgoblins
  A ball python (D:2)
  4 frilled lizards
  2 kobolds
  A leopard gecko skeleton (D:3)
  5 rats
72 creatures vanquished.

Vanquished Creatures (collateral kills)
  An adder (D:3)
  A rat (D:3)
2 creatures vanquished.

Vanquished Creatures (others)
  Menkaure (D:4)
  A hound (D:4)
  An orc (D:4)
  A frilled lizard (D:4)
  2 goblins (D:4)
6 creatures vanquished.

Grand Total: 80 creatures vanquished

Notes
Turn   | Place    | Note
-------+----------+-------------------------------------------
     0 | D:1      | wojtek the Kobold Necromancer began the quest for the Orb.
     0 | D:1      | Reached XP level 1. HP: 10/10 MP: 3/3
   424 | D:1      | Reached XP level 2. HP: 14/15 MP: 3/5
   698 | D:1      | You fall through a shaft!
   805 | D:2      | Found a hazy altar of Hepliaklqana.
   898 | D:2      | Reached skill level 5 in Necromancy
   898 | D:2      | Reached XP level 3. HP: 16/19 MP: 2/6
  1356 | D:2      | Found a faded altar of an unknown god.
  1579 | D:2      | Noticed Terence
  1904 | D:2      | Found a stormy altar of Qazlal.
  2274 | D:3      | Reached XP level 4. HP: 22/24 MP: 2/7
  2316 | D:3      | Learned a level 4 spell: Animate Dead
  3075 | D:3      | Reached XP level 5. HP: 26/28 MP: 4/8
  3127 | D:3      | Reached skill level 6 in Necromancy
  3611 | D:4      | Found a radiant altar of Vehumet.
  3620 | D:4      | Noticed Menkaure
  4911 | D:4      | Reached XP level 6. HP: 26/32 MP: 5/9
  4914 | D:4      | Killed Menkaure
  5087 | D:4      | Reached skill level 7 in Necromancy
  5646 | D:4      | Found a glowing golden altar of the Shining One.
  5760 | D:5      | Entered Level 5 of the Dungeon
  5760 | D:5      | Found a staircase to the Ecumenical Temple.
  5767 | Temple   | Entered the Ecumenical Temple
  6038 | Temple   | Became a worshipper of Kikubaaqudgha
  6054 | D:5      | Reached XP level 7. HP: 29/36 MP: 6/10
  6064 | D:5      | Noticed Shinoi's ghost (novice CeHu)
  6213 | D:4      | Reached skill level 8 in Necromancy
  6479 | D:4      | Killed from afar by an orc priest

Skill      XL: |  1  2  3  4  5  6  7 |
---------------+----------------------+-----
Necromancy     | 5 6 7 8 |  8.2
Dodging        | |  2.4
Stealth        | |  2.6
Spellcasting   | |  2.1

Action                   |  1- 3 |  4- 6 |  7- 9 || total
-------------------------+-------+-------+-------++-------
Melee: Dagger            |    14 |    46 |    13 ||    73
 Cast: Pain              |    47 |    89 |    21 ||   157
       Animate Dead      |       |     7 |     4 ||    11
  Use: Scroll            |       |     2 |     1 ||     3
  Eat: Chunk             |    12 |    14 |       ||    26
Armor: Robe              |     1 |    12 |       ||    13
Dodge: Dodged            |    19 |    72 |    11 ||   102
